Map: Deathaura LE

Players

Liquidthermy (uThermal)

  • Race: Terran Terran
  • Spawn Location: 5:00

Armani - Winner!

  • Race: Zerg Zerg
  • Spawn Location: 11:00

Event: StayAtHomestory Cup #2

VOD

Have the link to the VOD?

Description

Time

  • Played on: June 12, 2020, 10:54 a.m.
  • Length: 4:30

All games in this series

Show
View Real Time Build Order
Export as new Build Order

Liquidthermy Terran 

Build Orders:  

Get SALT Encoding   

  12  0:02  SCV  
  13  0:15  Supply Depot  
  13  0:18  SCV  
  14  0:39  Barracks  
  14  0:49  Barracks  
  14  1:04  Barracks  
  14  1:10  SCV  
  14  1:22  SCV  
  14  1:34  SCV  
  15  1:47  SCV  
  15  1:51  Marine  
  17  1:57  Marine  
  18  2:01  Orbital Command  
  18  2:09  Marine  
  18  2:11  Bunker  
  18  2:15  Marine  
  20  2:17  Marine  
  21  2:25  Supply Depot  
  21  2:28  Bunker  
  21  2:30  Marine  
  21  2:34  Marine  
  22  2:44  Marine  
  22  2:48  Marine  
  24  2:52  Marine  
  25  2:58  Supply Depot  
  25  3:06  Marine  
  25  3:10  SCV, Marine  
  28  3:22  SCV, Refinery  
  28  3:24  Marine  
  30  3:28  Marine  
  30  3:29  Marine  
  33  3:34  SCV  
  33  3:41  Marine  
  33  3:46  Marine  
  35  3:59  Marine  
  36  4:03  Marine x2  
Show
View Real Time Build Order
Export as new Build Order

Armani Zerg - Winner!

Build Orders: Hatch First 

Get SALT Encoding   

  12  0:00  Drone  
  13  0:13  Overlord  
  13  0:17  Drone  
  14  0:31  Drone  
  14  0:32  Drone  
  16  0:40  Drone  
  17  0:53  Hatchery  
  17  0:56  Drone  
  17  1:07  Drone x2  
  19  1:23  Spawning Pool  
  18  1:29  Extractor  
  18  1:31  Drone  
  18  1:33  Drone  
  19  1:40  Drone  
  20  1:50  Drone  
  21  2:10  Queen x2  
  21  2:11  Zergling x4  
  21  2:15  Zergling x2  
  28  2:21  Overlord  
  28  2:30  Spine Crawler  
  28  2:32  Zergling x2  
  28  2:39  Metabolic Boost  
  26  2:44  Zergling x4  
  28  2:52  Zergling x4  
  28  2:55  Queen  
  32  3:18  Zergling x8  
  36  3:22  Spine Crawler  
  35  3:29  Drone  
  36  3:35  Overlord  
  36  3:53  Queen  
  36  3:55  Zergling x12  
  44  4:04  Overlord  
  43  4:11  Spine Crawler  
  43  4:12  Spine Crawler  
Tags
 
Add a new tag
Caveats
  • Supply blocks, unpowered buildings, or Contaminate may cause inaccurate times.
  • Supply counts are checked every 10 seconds.